 Dungeon Crawl Stone Soup version 0.28-a0-1159-g27aa881441 (webtiles) character file.

Game seed: 15109435189836996470

7064 spaghetti the Fighter (level 10, -3/87 HPs)
             Began as a Mummy Delver on Dec 16, 2021.
             Was a Believer of Cheibriados.
             Slain by a wyvern (8 damage)
             ... on level 2 of the Lair of Beasts.
             The game lasted 00:19:38 (12121 turns).

spaghetti the Fighter (Mummy Delver)               Turns: 12121, Time: 00:19:38

Health: -3/87      AC:  7    Str: 21    XL:     10   Next: 83%
Magic:  13/13      EV: 12    Int: 20    God:    Cheibriados [**....]
Gold:   318        SH:  0    Dex: 18    Spells: 7/9 levels left

rFire   + . .      SeeInvis .   o - +12 long sword "Ciengo" {vorpal, +Blink rF+, long}
rCold   + . .      Faith    .   (no shield)
rNeg    + + +      Spirit   .   b - +0 leather armour
rPois   ∞          Reflect  .   (no helmet)
rElec   .          Harm     .   (no cloak)
rCorr   .          Rampage  .   (no gloves)
Will    +....                   (no boots)
Stlth   +++.......              (no amulet)
HPRegen 0.24/turn               n - +4 ring of protection
MPRegen 0.13/turn               p - ring "Tecotuvo" {rF+ Int+4}

@: very slow
A: cold resistance 1, negative energy resistance 3, torment resistance 2, heat
vulnerability 1, no potions
a: Renounce Religion, Evoke Blink, Bend Time


You were on level 2 of the Lair of Beasts.
You worshipped Cheibriados.
Cheibriados was pleased with you.
You visited 3 branches of the dungeon, and saw 13 of its levels.

You collected 496 gold pieces.
You spent 178 gold pieces at shops.


Innate Abilities, Weirdness & Mutations

You are immune to poison.
Your flesh is cold resistant. (rC+)
You are immune to negative energy. (rN+++)
You are immune to unholy pain and torment.
You are vulnerable to heat. (rF-)
You do not drink.


   Skills:
 + Level 11.0 Fighting
 - Level 1.5(5.4) Short Blades
 + Level 8.4 Long Blades
 - Level 1.5 Dodging
 - Level 7.0 Stealth
 + Level 5.1 Invocations


You had 7 spell levels left.
You knew the following spells:

 Your Spells              Type           Power      Damage    Failure   Level
a - Animate Skeleton      Necr           0%         N/A       22%         1
b - Summon Small Mammal   Summ           0%         N/A       22%         1

Your spell library contained the following spells:

 Spells                   Type           Power      Damage    Failure   Level
 Apportation              Tloc           0%         N/A       22%         1
 Magic Dart               Conj           0%         1d3       22%         1
 Ensorcelled Hibernation  Hex/Ice        0%         N/A       32%         2
 Searing Ray              Conj           0%         2d4       32%         2
 Tukima's Dance           Hex            0%         N/A       54%         3
 Fulminant Prism          Conj/Hex       0%         3d6       91%         4
 Iskenderun's Mystic Bla  Conj/Tloc      0%         2d3       91%         4
 Lee's Rapid Deconstruct  Erth           0%         3d5*      99%         5

Inventory:

Hand Weapons
 a - a +0 short sword {short}
 j - a +1 quarterstaff {staff}
   (You found it on level 1 of the Dungeon)
 m - a +2 dagger of venom {short}
   (You took it off a goblin on level 3 of the Dungeon)
 o - the +12 long sword "Ciengo" (weapon) {vorpal, +Blink rF+, long}
   (You bought it in a shop on level 3 of the Dungeon)

   It inflicts extra damage upon your enemies.
   rF:        It protects you from fire.
   +Blink:    It lets you blink.
Missiles
 e - 298 stones (quivered) {throwing}
 h - 81 sling bullets
 i - 2 boomerangs {throwing}
 l - 122 arrows
 r - 17 poisoned darts {throwing}
 t - a throwing net {=f!fthrowing}
 v - a curare-tipped dart {=fthrowing}
Armour
 b - a +0 leather armour (worn)
Magical Staves
 q - a staff of conjuration {!a@e2staff}
   (You found it on level 6 of the Dungeon)
 y - a staff of cold {!astaff}
   (You found it on level 8 of the Dungeon)
Jewellery
 n - a +4 ring of protection (left hand)
   (You found it on level 2 of the Dungeon)
 p - the ring "Tecotuvo" (right hand) {rF+ Int+4}
   (You acquired it on level 6 of the Dungeon)

   [ring of protection from fire]

   Int:       It affects your intelligence (+4).
   rF:        It protects you from fire.
 x - the ring "Vaim" {rElec rPois EV+4 Str-3 SInv}
   (You found it on level 3 of the Lair of Beasts)

   [ring of evasion]

   EV:        It affects your evasion (+4).
   Str:       It affects your strength (-3).
   rElec:     It insulates you from electricity.
   rPois:     It protects you from poison.
   SInv:      It lets you see invisible.
Wands
 f - a wand of digging (3)
 u - a wand of flame (30)
   (You found it on level 7 of the Dungeon)
 B - a wand of paralysis (2)
   (You found it on level 1 of the Lair of Beasts)
Scrolls
 c - 5 scrolls of fog
 d - a scroll of magic mapping {!r}
 g - 7 scrolls of identify {@r1}
 k - 2 scrolls of immolation {!r!r}
 s - a scroll of torment
 w - a scroll of silence {!r}
 z - 2 scrolls of vulnerability {!r!r}

Dungeon Overview and Level Annotations

Branches:
Dungeon (8/15)             Temple (1/1) D:4            Lair (4/6) D:8
  Swamp: Lair:2-4    Shoals: Lair:2-4     Snake: Lair:2-4    Spider: Lair:2-4

Altars:
Ashenzari
Cheibriados
Dithmenos
Elyvilon
Fedhas
Hepliaklqana
Makhleb
Okawaru
Qazlal
Ru
Sif Muna
Trog
Uskayaw
Vehumet
Wu Jian
Xom
Yredelemnul
Zin

Shops:
D:3 (   D:6 =([

Annotations:
D:2 exclusion: door
D:3 exclusions: phantom and 2 more exclusions, Robin
D:6 exclusion: door
D:7 3 runed translucent doors, exclusions: door and 4 electric eels, spaghetti's ghost, weakling TeDe

## #### #
##.###.##..#######P###
....................P#
............†.h.†....#
.........>D.l#h..!h...
#..#...?..###@##..#...
# ##...### ### ### .
##l.# #..P ...# .....
...


You could see an eight-headed hydra, a wyvern and 3 wolves.


Message History

Press: ? - help, Shift-Dir - straight line, f - komodo dragon, p - black mamba
Aim: a komodo dragon (moderately wounded, covered in acid, ally target, 79% to hit)
The bolt of acid hits the black mamba!
The black mamba seems to be corroded for longer.
The bolt of acid hits the komodo dragon.
The komodo dragon seems to be corroded for longer.
Your bat hits the komodo dragon. The black mamba bites your bat.
Your bat dies!
Your bat's corpse disappears in a puff of smoke! 😱 HP[+1]
Aiming: Corrosive Bolt
Press: ? - help, Shift-Dir - straight line, p - komodo dragon The bolt of acid hits the black mamba!
The bolt of acid hits the komodo dragon!
The komodo dragon seems to be corroded for longer.
The black mamba misses you.
Aiming: Corrosive Bolt
Press: ? - help, Shift-Dir - straight line, f - komodo dragon
Aim: a komodo dragon (severely wounded, covered in acid, 79% to hit)
The bolt of acid hits the black mamba!
The black mamba seems to be corroded for longer.
You kill the black mamba!
Cheibriados thoroughly appreciates the change of pace.
The bolt of acid misses the komodo dragon.
Aiming: Corrosive Bolt
Press: ? - help, Shift-Dir - straight line, f/p - komodo dragon
Aim: a komodo dragon (severely wounded, covered in acid, 79% to hit)
The bolt of acid hits the komodo dragon!
The komodo dragon seems to be corroded for longer.
You feel stable enough to blink again.
The komodo dragon completely misses you.
Aiming: Corrosive Bolt
Press: ? - help, Shift-Dir - straight line, f/p - komodo dragon
Aim: a komodo dragon (almost dead, covered in acid, 79% to hit)
The bolt of acid hits the komodo dragon!
The komodo dragon seems to be corroded for longer.
You kill the komodo dragon!
Cheibriados thoroughly appreciates the change of pace.
Your Invocations skill increases to level 5! 😱 HP[+1]
You start resting. 😱 HP[+2] MP[+2]
You regained 2 hp, and now have 10/86 hp.
Your mp is fully restored (13).
You start resting.
A wyvern comes into view. 😨 HP[+28]
You regained 28 hp, and now have 38/86 hp.
A wolf comes into view.
The wolf pauses to sniff the ground. 😨 HP[+1]
Aiming: Corrosive Bolt
Press: ? - help, Shift-Dir - straight line, f - wolf
Aim: a wolf (53% to hit)
The bolt of acid hits the wolf!
The acid corrodes the wolf!
You hear a howl! x2
A wolf comes into view. x3
Aiming: Corrosive Bolt
Press: ? - help, Shift-Dir - straight line, f/p - wolf
Aim: a wolf (heavily wounded, covered in acid, 53% to hit)
The bolt of acid hits the wolf!
You kill the wolf!
Cheibriados appreciates the change of pace.
The wolf howls! x2; The wyvern hisses angrily.
The now-empty wand crumbles to dust.
Your Fighting skill increases to level 11! 😨 HP[+1]
You now have 87 max hp (+1).
A wolf comes into view.
The wolf moves out of view.
The wyvern bites you!
* * * LOW HITPOINT WARNING * * *
The wolf barely misses you. 😨 HP[-9]
You take 9 damage, and now have 31/87 hp.
Okay, then.
You don't have any such object.
Evoke which item? (* to show all) (? for menu, Esc to quit)
You don't have any such object.
Evoke which item? (* to show all) (? for menu, Esc to quit)
Okay, then.
Aiming: Paralyse
Press: ? - help, Shift-Dir - straight line, f - wolf
Aim: a wolf (chance to affect: 46%)
The wolf suddenly stops moving!
The wyvern bites you!
* * * LOW HITPOINT WARNING * * *
The wyvern bites you!
* * * LOW HITPOINT WARNING * * *
😱 HP[-26]
You take 26 damage, and now have 5/87 hp.
MASSIVE DAMAGE!! (PAUSE) Unknown command.
Okay, then.
Aiming: Paralyse
Press: ? - help, Shift-Dir - straight line, f - wyvern, p - wolf
Aim: a wyvern (chance to affect: 46%)
The wyvern resists with some effort.
The wolf howls!
The wyvern bites you!
You die...

Skill      XL: |  1  2  3  4  5  6  7  8  9 10 |
---------------+-------------------------------+-----
Stealth        | 5 6 7 |  7.0
Fighting       | 4 6 8 9 11 | 11.0
Long Blades    | 1 3 5 7 8 |  8.4
Invocations    | 2 5 |  5.1
Short Blades   | |  1.5
Dodging        | |  1.5

Action                   |  1- 3 |  4- 6 |  7- 9 | 10-12 || total
-------------------------+-------+-------+-------+-------++-------
Melee: Short sword       |    74 |       |       |       ||    74
       Quarterstaff      |    75 |     5 |       |       ||    80
       Dagger            |       |   104 |       |       ||   104
       Long sword        |       |     8 |   169 |    74 ||   251
 Cast: Summon Small Mamm |       |    18 |    10 |     7 ||    35
       Animate Skeleton  |       |     5 |     1 |     2 ||     8
Invok: Bend Time         |       |       |       |     1 ||     1
 Abil: Evoke Blink       |       |       |       |     1 ||     1
Evoke: Wand              |       |       |     2 |    13 ||    15
  Use: Scroll            |     7 |     3 |     7 |     3 ||    20
 Stab: Sleeping          |    10 |     5 |     6 |     4 ||    25
       Distracted        |       |     2 |     1 |       ||     3
Armor: Leather armour    |    36 |    37 |    67 |    39 ||   179
Dodge: Dodged            |    92 |    67 |   119 |    69 ||   347

Levels and vault maps discovered:
D:1:      evilmike_arrival_plus, layout_rooms,
          dreamdust_ecumenical_altar_angels_and_demons, minmay_liquid_box
D:2:      layout_basic, minmay_gold_behind_fungi, uniq_natasha, uniq_sigmund
D:3:      layout_basic, tso_altar, nicolae_uskayaw_en_pointe, serial_shops,
          nicolae_square_shop, uniq_robin
D:4:      layout_basic, minmay_temple_entry_nine_rooms, minmay_misc_feat_roman,
          uniq_grinder
D:5:      layout_cave_pools, nicolae_vehumet_altar_sigil, grunt_ministairs_8
D:6:      layout_loops_corners, overflow_temple_1_default, serial_shops, shop,
          nicolae_shop_crystal, shop
D:7:      due_chaos_kobolds, layout_rooms, nicolae_dithmenos_the_darkroom,
          chequers_temple_overflow_statue_of_worship,
          hellmonk_ghost_happy_afterlife, minmay_misc_feat_alley,
          serial_bayou_lagoon_a, grunt_ministairs_13
D:8:      layout_rooms, xom_shifter_show, old_standard_altar, lair_entry_dummy,
          serial_undead, serial_undead_b, serial_undead_f, serial_undead_a,
          serial_undead_d
Temple:   jpeg_temple_island
Lair:1:   layout_regular_city, nicolae_lair_run_with_the_wolves
Lair:2:   layout_concentric_octagons, spider_nest_entry_funnel_web,
          gammafunk_ghost_split, uniq_maggie
Lair:3:   layout_regular_city
Lair:4:   layout_cave_pods, minmay_shoals_entry_hut, beast_lair_carwin_11,
          grunt_megastairs_4

Notes
Turn   | Place    | Note
-------+----------+-------------------------------------------
     0 | D:5      | spaghetti the Mummy Delver began the quest for the Orb.
     0 | D:5      | Reached XP level 1. HP: 18/18 MP: 1/1
     0 | D:5      | magus.rc [v1.9.6]
     1 | D:5      | Noticed an orc wizard
    33 | D:6      | Noticed a scorpion
    33 | D:6      | Noticed a hornet zombie
    53 | D:6      | Noticed a scorpion
    71 | D:8      | Noticed a necrophage
   204 | D:6      | You pick up a book of Cantrips and begin reading...
   204 | D:6      | You add the spells Animate Skeleton, Summon Small Mammal
                  | and Apportation to your library.
   326 | D:5      | Noticed an iguana
   328 | D:5      | Noticed an orc priest
   333 | D:5      | Found a radiant altar of Vehumet.
   488 | D:3      | Reached XP level 2. HP: 16/24 MP: 2/2
   776 | D:2      | Noticed Sigmund
   823 | D:3      | Found Ahoik's Antique Weapon Emporium.
   924 | D:3      | Noticed a +0 spear
   924 | D:3      | Noticed a +0 short sword
   925 | D:3      | Noticed a +0 spear
   925 | D:3      | Noticed a +0 short sword
   925 | D:3      | Noticed a +0 falchion
   925 | D:3      | Noticed a +0 falchion
   931 | D:3      | Noticed a +0 dagger
   932 | D:3      | Noticed a +0 dagger
   934 | D:3      | Noticed a phantom
  1375 | D:1      | Reached skill level 5 in Stealth
  1375 | D:1      | Reached XP level 3. HP: 28/29 MP: 3/3
  1488 | D:1      | You pick up a book of Maledictions and begin reading...
  1488 | D:1      | You add the spells Ensorcelled Hibernation and Tukima's
                  | Dance to your library.
  1728 | D:1      | Found a faded altar of an unknown god.
  2016 | D:2      | You fall into a shaft and drop 1 floor!
  2466 | D:3      | Noticed Robin
  2506 | D:4      | Reached XP level 4. HP: 35/35 MP: 4/4
  2828 | D:3      | Found a hide-covered altar of Uskayaw.
  3531 | D:2      | Noticed Natasha
  3534 | D:2      | Killed Natasha
  3535 | D:2      | Reached skill level 6 in Stealth
  3554 | D:2      | Noticed Natasha
  3570 | D:2      | Killed Natasha
  3571 | D:2      | Reached XP level 5. HP: 15/41 MP: 5/5
  3576 | D:2      | Noticed Natasha
  3771 | D:2      | Killed Natasha
  4131 | D:2      | Learned a level 1 spell: Animate Skeleton
  4133 | D:2      | Learned a level 1 spell: Summon Small Mammal
  4250 | D:4      | You pick up a book of Conjurations {@e2} and begin
                  | reading...
  4250 | D:4      | You add the spells Magic Dart, Searing Ray and Fulminant
                  | Prism to your library.
  4365 | D:4      | Noticed Grinder
  4384 | D:4      | HP: 9/41 [Grinder (4)]
  4385 | D:4      | Paralysed by Grinder for 3 turns
  4693 | D:4      | Reached skill level 7 in Stealth
  4693 | D:4      | Reached XP level 6. HP: 40/47 MP: 2/6
  4838 | D:4      | Reached skill level 4 in Fighting
  4847 | D:4      | HP: 11/48 [gnoll shaman (8)]
  4880 | D:4      | HP: 9/48 [gnoll (7)]
  4890 | D:4      | HP: 8/48 [gnoll (3)]
  4987 | D:3      | Bought a transparent long sword for 178 gold pieces
  4987 | D:3      | Identified the +12 long sword "Ciengo" {vorpal, +Blink rF+}
                  | (You bought it in a shop on level 3 of the Dungeon)
  5197 | D:2      | Killed Sigmund
  5198 | D:2      | Reached skill level 1 in Long Blades
  5198 | D:2      | Reached XP level 7. HP: 38/55 MP: 3/7
  5494 | D:4      | Reached skill level 5 in Fighting
  5626 | D:4      | Found a staircase to the Ecumenical Temple.
  5635 | Temple   | Entered the Ecumenical Temple
  5950 | D:4      | Reached skill level 2 in Long Blades
  6150 | D:4      | Paralysed by Grinder for 6 turns
  6163 | D:4      | Killed Grinder
  6234 | D:5      | Reached skill level 3 in Long Blades
  6273 | D:5      | Reached skill level 6 in Fighting
  6278 | D:5      | Reached XP level 8. HP: 26/64 MP: 5/8
  6872 | D:5      | You pick up a book of Blasting and begin reading...
  6872 | D:5      | You add the spells Iskenderun's Mystic Blast and Lee's
                  | Rapid Deconstruction to your library.
  7248 | D:6      | Reached skill level 4 in Long Blades
  7315 | D:6      | Identified a scroll of acquirement
  7315 | D:6      | Acquired the ring "Tecotuvo" {rF+ Int+4}
  7410 | D:6      | Found Yphyre Uzeck's Jewellery Emporium.
  7475 | D:6      | Found Bistif Labe's Antique Armour Boutique.
  7475 | D:6      | Found a burning altar of Makhleb.
  7485 | D:6      | Reached skill level 7 in Fighting
  7508 | D:6      | Found Fulezep's Weapon Shop.
  7796 | D:7      | Found a runed translucent door.
  7862 | D:7      | Noticed spaghetti's ghost (weakling TeDe)
  8016 | D:7      | Reached skill level 5 in Long Blades
  8094 | D:7      | Found a shadowy altar of Dithmenos.
  8367 | D:7      | Found a large runed translucent door.
  8367 | D:7      | Found a large runed translucent door.
  8367 | D:7      | Found a shimmering altar of Xom.
  8625 | D:7      | Reached skill level 8 in Fighting
  8630 | D:7      | Reached XP level 9. HP: 57/74 MP: 9/9
  8781 | D:7      | Found a snail-covered altar of Cheibriados.
  8781 | D:7      | Found a sacrificial altar of Ru.
  8781 | D:7      | Found a basalt altar of Yredelemnul.
  8790 | D:7      | Became a worshipper of Cheibriados the Contemplative
  9108 | D:8      | Reached skill level 6 in Long Blades
  9290 | D:8      | Noticed a komodo dragon
  9297 | D:8      | Killed a komodo dragon
  9298 | D:8      | Reached skill level 9 in Fighting
  9493 | D:8      | Reached * piety under Cheibriados
  9508 | D:8      | Noticed a two-headed ogre
  9525 | D:8      | Found a shimmering altar of Xom.
  9526 | D:8      | Found a shimmering altar of Xom.
  9526 | D:8      | Found a shimmering altar of Xom.
  9527 | D:8      | Found a shimmering altar of Xom.
  9527 | D:8      | Found a shimmering altar of Xom.
  9529 | D:8      | Found a shimmering altar of Xom.
  9529 | D:8      | Found a shimmering altar of Xom.
  9529 | D:8      | Found a shimmering altar of Xom.
  9542 | D:8      | Killed a two-headed ogre
  9543 | D:8      | Reached skill level 7 in Long Blades
  9543 | D:8      | Reached skill level 2 in Invocations
  9635 | D:8      | Noticed a polar bear
  9635 | D:8      | an acid dragon changed into a polar bear
  9770 | D:8      | Reached XP level 10. HP: 77/85 MP: 11/11
 10081 | D:8      | Found a staircase to the Lair.
 10089 | Lair:1   | Entered Level 1 of the Lair of Beasts
 10101 | D:8      | HP: 16/85 [wolf (8)]
 10104 | D:8      | Reached skill level 10 in Fighting
 10104 | D:8      | Reached skill level 3 in Invocations
 10859 | Lair:1   | Reached skill level 4 in Invocations
 10866 | Lair:1   | Reached ** piety under Cheibriados
 10873 | Lair:1   | Reached skill level 8 in Long Blades
 11108 | Lair:1   | Noticed a wolf spider
 11108 | Lair:1   | Noticed a wolf spider
 11114 | Lair:1   | You fall into a shaft and drop 1 floor!
 11409 | Lair:2   | Noticed an eight-headed hydra
 11569 | Lair:3   | Identified the ring "Vaim" {rElec rPois EV+4 Str-3 SInv}
 11583 | Lair:4   | Noticed an elephant
 11583 | Lair:4   | Noticed an elephant
 11583 | Lair:4   | Noticed an elephant
 11583 | Lair:4   | Noticed an elephant
 11722 | Lair:2   | Noticed a black mamba
 11978 | Lair:2   | HP: 21/86 [black mamba (16)]
 11979 | Lair:2   | HP: 6/86 [black mamba (15)]
 11984 | Lair:2   | Killed a black mamba
 11987 | Lair:2   | Reached skill level 5 in Invocations
 12118 | Lair:2   | Reached skill level 11 in Fighting
 12120 | Lair:2   | HP: 20/87 [wyvern (12)]
 12120 | Lair:2   | HP: 5/87 [wyvern (15)]
 12121 | Lair:2   | Slain by a wyvern

Vanquished Creatures
  A two-headed ogre (D:8)
  A black mamba (Lair:2)
  A rime drake (D:8)
  3 komodo dragons
  Grinder (D:4)
  Sigmund (D:2)
  4 yaks (Lair:1)
  3 steam dragons
  7 water moccasins
  An orc warrior (D:8)
  A hornet zombie (D:6)
  2 sky beasts
  A black bear (D:7)
  An ice beast (D:6)
  4 necrophages
  5 wolves
  3 centaurs
  3 bullfrogs
  2 kobold brigands (D:7)
  3 scorpions
  2 water moccasin skeletons
  3 wights (D:8)
  2 centaur zombies (D:6)
  3 orc priests
  A gnoll shaman (D:8)
  A hound (D:7)
  2 bullfrog skeletons
  An iguana (D:5)
  Natasha (thrice) (D:2)
  An orc wizard (D:7)
  A hound skeleton (D:4)
  3 mummies (D:8)
  A howler monkey zombie (D:8)
  16 gnolls
  5 adders
  A shadow imp (D:7)
  2 ufetubi
  3 dart slugs
  16 orcs
  8 endoplasms
  3 giant cockroaches
  9 goblins
  4 hobgoblins
  6 quokkas
  4 ball pythons
  7 bats
  5 frilled lizards
  9 kobolds
  3 rats
173 creatures vanquished.

Vanquished Creatures (collateral kills)
  A gnoll shaman (D:4)
  A centaur skeleton (D:4)
  A gnoll (D:4)
  An orc (D:8)
  A ball python (D:4)
5 creatures vanquished.

Vanquished Creatures (others)
  18 fungi
  24 plants
  4 toadstools (D:2)
46 creatures vanquished.

Grand Total: 224 creatures vanquished

Table legend:
 A = Non-vault XP
 B = Vault XP
 C = Vault XP percentage of total XP
 D = Non-vault monster count
 E = Vault monster count
 F = Vault count percentage of total count
                 A         B        C        D         E       F
            +---------+---------+-------+---------+---------+-------
      Total |    8649 |    1443 |  14.3 |     149 |      29 |  16.3
            +---------+---------+-------+---------+---------+-------
        D:1 |      34 |       0 |   0.0 |      21 |       0 |   0.0
        D:2 |     100 |     269 |  72.9 |      13 |       3 |  18.8
        D:3 |      80 |       8 |   9.1 |      16 |       4 |  20.0
        D:4 |     435 |     274 |  38.6 |      29 |       2 |   6.5
        D:5 |     281 |       0 |   0.0 |       6 |       0 |   0.0
        D:6 |     698 |       0 |   0.0 |       9 |       0 |   0.0
        D:7 |     518 |     272 |  34.4 |      15 |      10 |  40.0
        D:8 |    3315 |     620 |  15.8 |      24 |      10 |  29.4
     Lair:1 |    1641 |       0 |   0.0 |      10 |       0 |   0.0
     Lair:2 |    1107 |       0 |   0.0 |       4 |       0 |   0.0
     Lair:3 |     440 |       0 |   0.0 |       2 |       0 |   0.0
            +---------+---------+-------+---------+---------+-------

Illustrated notes

Table legend:
 A = Kills in this place as a percentage of kills in entire the game.
 B = Kills by you in this place as a percentage of kills by you in the entire game.
 C = Kills by friends in this place as a percentage of kills by friends in the entire game.
 D = Other kills in this place as a percentage of other kills in the entire game.
 E = Experience gained in this place as a percentage of experience gained in the entire game.
 F = Experience gained in this place divided by the number of levels of this place that you have seen.
                   A       B       C       D       E      F
               +-------+-------+-------+-------+-------+----------------------
         Total | 100.0 | 100.0 | 100.0 |   N/A | 100.0 | 776.3
       Dungeon |  91.0 |  90.8 | 100.0 |   N/A |  68.4 | 863.0
          Lair |   9.0 |   9.2 |   0.0 |   N/A |  31.6 | 797.0
               +-------+-------+-------+-------+-------+----------------------

Table legend: (Time is in decaauts)
 A = Elapsed time spent in this place.
 B = Non-inter-level travel time spent in this place.
 C = Inter-level travel time spent in this place.
 D = Time resting spent in this place.
 E = Time spent auto-exploring this place.
 F = Levels seen in this place.
 G = Mean time per level.
                   A        B        C        D        E       F      G
               +--------+--------+--------+--------+--------+-----+--------+
         Total |  12632 |  12256 |    376 |   3441 |   6832 |  13 |  971.7 |
       Dungeon |  10667 |  10295 |    372 |   2508 |   6037 |   8 | 1333.4 |
        Temple |    212 |    208 |      4 |      0 |    196 |   1 |  212.0 |
          Lair |   1752 |   1752 |      0 |    933 |    598 |   4 |  438.0 |
               +--------+--------+--------+--------+--------+-----+--------+

Top non-repeatable levels by time:
     D:3: 1958 daAuts
     D:4: 1687 daAuts
     D:8: 1661 daAuts
     D:2: 1428 daAuts
     D:7: 1280 daAuts
     D:6: 1067 daAuts
     D:1: 813 daAuts
     D:5: 770 daAuts
  Lair:1: 645 daAuts
  Lair:3: 614 daAuts
  Lair:2: 472 daAuts
  Temple: 212 daAuts
  Lair:4: 19 daAuts
